 Dungeon Crawl Stone Soup version 0.17.1-2-g5865329 (webtiles) character file.

3136 HEYYEYAAE the Fighter (level 9, -5/51 HPs)
             Began as a Vine Stalker Chaos Knight on Jan 23, 2016.
             Slain by a fire dragon (glowing shapeshifter) (7 damage)
             ... on level 8 of the Dungeon.
             The game lasted 00:12:26 (6454 turns).

HEYYEYAAE the Fighter (Vine Stalker Chaos Knight)   Turns: 6454, Time: 00:12:31

Health: -5/51      AC: 10    Str: 17    XL:     9   Next: 92%
Magic:  0/12       EV: 14    Int: 12    God:    Xom [...*..]
Gold:   540        SH:  0    Dex: 13    Spells: 0 memorised, 8 levels left

rFire  . . .     SeeInvis .     E - +0 dagger (venom)
rCold  . . .     Clarity  .     a - +2 leather armour
rNeg   . . .     SustAt   +     (no shield)
rPois  .         Gourm    .     x - +0 hat
rElec  .         Spirit   +     e - +1 cloak
rCorr  .         Warding  .     (no gloves)
rMut   .         Stasis   .     C - +0 pair of boots
MR     +....                    (no amulet)
Stlth  +.........               (no ring)
                                l - ring of sustain attributes

@: about to teleport, somewhat resistant to hostile enchantments, very
unstealthy
A: fangs 3, horns 1, clumsy 1, regeneration 2, shaggy fur 1, magic shield,
antimagic bite, no device heal 3, rot immunity
a: Renounce Religion


You were on level 8 of the Dungeon.
You worshipped Xom.
You were a favourite toy of Xom.
You were not hungry.

You visited 1 branch of the dungeon, and saw 8 of its levels.

You collected 540 gold pieces.

Inventory:

Hand Weapons
 E - a +0 dagger of venom (weapon)
 J - a +3 morningstar
Missiles
 g - 2 javelins (quivered)
 I - 8 tomahawks of returning
Armour
 a - a +2 leather armour (worn)
 e - a +1 cloak (worn)
 x - a +0 hat (worn)
 C - a +0 pair of boots (worn)
Jewellery
 l - a ring of sustain attributes (left hand)
Wands
 s - a wand of draining (0)
 y - a wand of disintegration (7)
 A - a wand of slowing (27)
Scrolls
 c - 2 scrolls of recharging
 d - a scroll of remove curse
 i - a scroll of teleportation
 j - a scroll of random uselessness {unknown}
 k - a scroll of fog
 m - a scroll of amnesia {unknown}
 r - a scroll of immolation {unknown}
 u - 2 scrolls of blinking {unknown}
 v - 3 scrolls of enchant armour
 w - a scroll of fear {unknown}
 B - a scroll of summoning {unknown}
 G - 3 scrolls of identify
Potions
 f - 3 potions of curing
 h - 3 potions of agility
 n - 3 potions of degeneration
 o - 2 potions of flight {unknown}
 p - 2 potions of lignification {unknown}
 q - a potion of ambrosia {unknown}
 t - a potion of cancellation {unknown}
 D - 2 potions of brilliance {unknown}
 F - a potion of poison {unknown}
 H - a potion of haste {unknown}
 N - a potion of magic {unknown}
Comestibles
 b - 3 bread rations
 z - 3 meat rations
 K - 9 royal jellies
 L - 3 beef jerkies
 M - 3 fruits


   Skills:
 * Level 8.2 Fighting
 + Level 4.7 Armour
 + Level 4.7 Dodging
 + Level 6.2 Unarmed Combat
 + Level 3.7 Evocations


You had 8 spell levels left.
You didn't know any spells.

Dungeon Overview and Level Annotations

Branches:
Dungeon (8/15)             Temple (0/1) D:6
   Lair: D:8-11

Altars:
Cheibriados
Makhleb
Qazlal
Sif Muna
Trog
Xom

Annotations:
D:4 Miyamura's ghost, novice FoFi


Innate Abilities, Weirdness & Mutations

You have razor-sharp teeth.
You heal very quickly.
When hurt, damage is shared between your health and your magic reserves.
Your bite disrupts and absorbs the magic of your enemies.
Potions and wands cannot restore your health.
You are immune to rotting.
You have a pair of small horns on your head.
You are clumsy. (Dex -2)
You are covered in fur (AC +1).


Message History

Zapping:
y - a wand of disintegration (8)
Press: ? - help, Shift-Dir - straight line, f/p - swamp dragon
Aim: a swamp dragon shaped shifter (poison gas, moderately wounded, chance to defeat MR: 61%)
The swamp dragon is blasted.
This wand has 7 charges left.
* * * LOW HITPOINT WARNING * * *
You feel very sick.
The swamp dragon changes into a fire dragon!
Unknown command.
Drink which item? (? for menu, Esc to quit)
It was a potion of curing.
You feel better.
Evoke which item? (* to show all) (? for menu, Esc to quit)
Okay, then.
Read which item? (? for menu, Esc to quit)
As you read the scroll of teleportation, it crumbles to dust.
You feel strangely unstable. The fire dragon barely misses you.
The fire dragon claws you.
* * * LOW HITPOINT WARNING * * *
The fire dragon tramples you!
You die...
Xom howls with laughter!

#......≈≈≈≈≈
#......≈≈≈≈≈
######......≈≈≈≈≈
#................
#.####......#####
##.# #......#
#§.# ############
#§## #..... #@##
###### #.D# ###§#
#§. ###


You could see a fire dragon shaped shifter.

Vanquished Creatures
  A troll (D:8)
  Prince Ribbit (D:8)
  Sigmund (D:4)
  Duvessa (D:6)
  2 sky beasts
  A necrophage (D:3)
  A spider (D:8)
  2 ogres (D:5)
  2 wasps (D:8)
  5 centaurs
  Dowan (D:6)
  4 killer bees (D:8)
  4 wights (D:7)
  A quasit (D:8)
  A crimson imp (D:5)
  4 orc wizards
  A giant frog zombie (D:6)
  A jelly (D:8)
  2 orc priests
  A hound (D:6)
  2 iguanas
  4 worker ants
  10 adders
  2 shadow imps
  An ooze (D:3)
  An adder skeleton (D:4)
  3 worms
  25 orcs
  2 ball pythons
  6 giant cockroaches
  7 goblins
  5 hobgoblins
  12 bats
  3 giant geckos
  A giant gecko skeleton (D:4)
  5 giant newts
  5 jackals
  11 kobolds
  5 quokkas
  A quokka zombie (D:6)
  6 rats
154 creatures vanquished.

Vanquished Creatures (collateral kills)
  A hungry ghost (D:7)
  An ice beast (D:8)
  A centaur (D:6)
  An ogre (D:6)
  A scorpion (D:6)
  An orc wizard (D:8)
  An adder (D:7)
  A worker ant zombie (D:7)
  A giant gecko (D:7)
  3 orcs (D:6)
12 creatures vanquished.

Vanquished Creatures (others)
  A wight (D:7)
1 creature vanquished.

Grand Total: 167 creatures vanquished

Notes
Turn   | Place    | Note
--------------------------------------------------------------
     0 | D:1      | HEYYEYAAE the Vine Stalker Chaos Knight began the quest for the Orb.
     0 | D:1      | Reached XP level 1. HP: 11/11 MP: 2/2
    46 | D:1      | Reached skill level 1 in Dodging
    78 | D:1      | Reached XP level 2. HP: 14/16 MP: 3/3
   640 | D:2      | Reached XP level 3. HP: 18/20 MP: 2/4
   649 | D:2      | Found a deep blue altar of Sif Muna.
   698 | D:2      | XOM: divination: magic mapping
   712 | D:2      | Found a faded altar to an unknown god.
  1300 | D:2      | XOM: divination: detect creatures
  1400 | D:2      | XOM: mild Hex miscast
  1477 | D:2      | XOM: divination: detect creatures
  1581 | D:3      | HP: 1/20 [poisoned by an adder]
  1588 | D:3      | HP: 1/20 [poisoned by an adder]
  1596 | D:3      | HP: 1/20 [poisoned by an adder]
  1692 | D:3      | Reached XP level 4. HP: 17/25 MP: 3/5
  1837 | D:3      | Noticed a necrophage
  1860 | D:3      | XOM: potion effect (haste)
  1861 | D:3      | Killed a necrophage
  1861 | D:3      | Reached skill level 4 in Fighting
  1861 | D:3      | Reached XP level 5. HP: 17/29 MP: 4/6
  2353 | D:4      | XOM: stealth player
  2372 | D:4      | XOM: butterfly on damage
  2394 | D:4      | Gained mutation: You heal very quickly. [Vine Stalker growth]
  2394 | D:4      | Reached XP level 6. HP: 19/34 MP: 7/7
  2517 | D:4      | Noticed Miyamura's ghost (novice FoFi)
  2537 | D:4      | XOM: mild Pois miscast
  2543 | D:4      | XOM: summons 3 hostile demons
  2587 | D:4      | XOM: colour smoke trail
  2719 | D:4      | XOM: mild Hex miscast
  2782 | D:4      | XOM: harmless Hex miscast
  2796 | D:4      | XOM: mild Necr miscast
  2832 | D:4      | XOM: 1-stop teleportation journey
  2854 | D:4      | Noticed Sigmund
  2855 | D:4      | XOM: mild Chrm miscast
  2861 | D:4      | HP: 1/34 [something (7)]
  2862 | D:4      | Found a burning altar of Makhleb.
  2939 | D:4      | XOM: give mutations
  2939 | D:4      | Gained mutation: You are dopey. (Int -2) [Xom's mischief]
  2939 | D:4      | Lost mutation: You are dopey. (Int -2) [Xom's mischief]
  3084 | D:4      | XOM: confusion
  3091 | D:4      | XOM: confuse monster(s)
  3094 | D:4      | XOM: enchant monster (bad)
  3097 | D:4      | Killed Sigmund
  3097 | D:4      | Reached skill level 5 in Fighting
  3178 | D:4      | XOM: enchant monster (good)
  3197 | D:4      | XOM: enchant monster (good)
  3220 | D:4      | XOM: smoke on damage
  3229 | D:4      | XOM: mild Fire miscast
  3310 | D:5      | Entered Level 5 of the Dungeon
  3322 | D:5      | Found a stormy altar of Qazlal.
  3331 | D:5      | Reached XP level 7. HP: 35/39 MP: 6/8
  3387 | D:5      | XOM: divination: magic mapping
  3423 | D:5      | XOM: harmless Necr miscast
  3469 | D:5      | XOM: confuse monster(s)
  3536 | D:5      | Found a snail-covered altar of Cheibriados.
  3536 | D:5      | Found a shimmering altar of Xom.
  3725 | D:5      | Noticed a moth of wrath
  3728 | D:5      | Found a bloodstained altar of Trog.
  3749 | D:5      | XOM: divination: detect creatures
  3757 | D:5      | XOM: fog
  3886 | D:6      | XOM: summons 4 friendly demons
  3944 | D:6      | Found a staircase to the Ecumenical Temple.
  3981 | D:6      | Reached skill level 6 in Fighting
  3981 | D:6      | Reached skill level 1 in Evocations
  3981 | D:6      | Gained mutation: You have razor-sharp teeth. [Vine Stalker growth]
  3981 | D:6      | Reached XP level 8. HP: 33/44 MP: 9/9
  4121 | D:6      | Reached skill level 5 in Unarmed Combat
  4240 | D:6      | Noticed Duvessa
  4241 | D:6      | Noticed Dowan
  4247 | D:6      | XOM: summons 2 friendly demons
  4256 | D:6      | Killed Duvessa
  4272 | D:6      | Killed Dowan
  4583 | D:7      | XOM: summons friendly shadow imp
  4913 | D:7      | XOM: god gift: 8 tomahawks of returning
  4921 | D:7      | XOM: god gift: club {god gift}
  5050 | D:7      | XOM: vitrification
  5051 | D:7      | XOM: enchant monster (good)
  5081 | D:7      | XOM: cast spell 'Discord'
  5082 | D:7      | Reached XP level 9. HP: 39/49 MP: 11/11
  5089 | D:7      | Reached skill level 7 in Fighting
  5372 | D:8      | Gained mutation: You have a pair of small horns on your head. [mutagenic meat]
  5373 | D:8      | Gained mutation: You are covered in fur (AC +1). [mutagenic meat]
  5376 | D:8      | Gained mutation: You are clumsy. (Dex -2) [mutagenic meat]
  5394 | D:8      | XOM: confuse monster(s)
  5588 | D:8      | XOM: summons 5 friendly demons
  5769 | D:8      | Noticed Prince Ribbit
  5779 | D:8      | Killed Prince Ribbit
  5789 | D:8      | XOM: summons friendly quasit
  5802 | D:8      | Paralysed by a wasp for 1 turns
  5822 | D:8      | XOM: medium Ice miscast
  6154 | D:8      | XOM: summons 8 friendly demons
  6181 | D:8      | Reached skill level 8 in Fighting
  6197 | D:8      | XOM: god gift: silvery potion
  6298 | D:8      | XOM: silly message
  6307 | D:8      | XOM: potion effect (berserk rage)
  6319 | D:8      | XOM: summons friendly crimson imp
  6431 | D:8      | XOM: polymorph eye of draining -> queen bee
  6440 | D:8      | Noticed a spiny frog
  6440 | D:8      | a basilisk changed into a spiny frog
  6442 | D:8      | Noticed a fire crab
  6442 | D:8      | a spiny frog changed into a fire crab
  6443 | D:8      | Noticed an elephant
  6443 | D:8      | a fire crab changed into an elephant
  6446 | D:8      | Noticed a glowing shapeshifter
  6446 | D:8      | an elephant changed into a glowing shapeshifter
  6447 | D:8      | Noticed a swamp dragon
  6447 | D:8      | a glowing shapeshifter changed into a swamp dragon
  6452 | D:8      | Noticed a fire dragon
  6452 | D:8      | a swamp dragon changed into a fire dragon
  6454 | D:8      | HP: 2/51 [fire dragon (glowing shapeshifter) (2)]
  6454 | D:8      | Slain by a fire dragon (glowing shapeshifter)

Action                   |  1- 3 |  4- 6 |  7- 9 || total
-------------------------+-------+-------+-------++-------
Melee: Unarmed           |   143 |   182 |   183 ||   508
       Dagger            |       |       |   261 ||   261
Throw: Javelin           |     1 |       |       ||     1
Evoke: Wand              |       |       |    17 ||    17
  Use: Scroll            |     3 |     5 |     4 ||    12
       Potion            |     2 |       |     1 ||     3
 Stab: Sleeping          |     1 |     1 |     1 ||     3
       Distracted        |       |       |     1 ||     1
  Eat: Bread ration      |     1 |       |     1 ||     2
       Chunk             |       |     4 |    13 ||    17
       Beef jerky        |       |       |     1 ||     1
